 Dungeon Crawl Stone Soup version 0.31-a0-799-g6bc09d010c (webtiles) character file.

Game seed: 10289140909810093022

21291 Pooter the Severer (level 12, 0/114 HPs)
             Began as a Minotaur Berserker on Sept 19, 2023.
             Was a Priest of Trog.
             Slain by a dire elephant simulacrum (43 damage)
             ... in an ice cave.
             The game lasted 01:26:21 (18550 turns).

Pooter the Severer (Minotaur Berserker)            Turns: 18550, Time: 01:26:21

Health: 0/114      AC: 18    Str: 25    XL:     12   Next: 52%
Magic:  11/11      EV:  9    Int:  4    God:    Trog [***...]
Gold:   16         SH:  7    Dex: 12    Spells: 11/11 levels left

rFire   + . .        a - +1 battleaxe
rCold   . . .        (shield currently unavailable)
rNeg    . . .        v - +0 plate armour
rPois   .            (helmet restricted)
rElec   .            I - +0 cloak {Stlth+}
rCorr   +            J - +2 pair of gloves
SInv    .            s - +0 pair of boots
Will    ++...        w - amulet of reflection Stlth
                     E - ring of the Octopus King {rCorr HP+2 AC+2 EV+2 SH+2}
HPRegen 1.39/turn    F - ring of Qaimor {rF+ Slay+4}
MPRegen 0.12/turn

%: reflection
@: strong-willed (expiring), regenerating (expiring)
A: horns 2, retaliatory headbutt
a: Renounce Religion, Berserk, Trog's Hand


You were in an ice cave.
You worshipped Trog.
Trog was most pleased with you.
You visited 3 branches of the dungeon, and saw 14 of its levels.
You also visited: Ossuary and Ice Cave.

You collected 1718 gold pieces.
You spent 1702 gold pieces at shops.

Inventory:

Hand Weapons
 a - a +1 battleaxe (weapon)
   (You took it off an orc wizard on level 7 of the Dungeon)
 b - a +0 arbalest
   (You found it on level 7 of the Dungeon)
 l - a +4 trident of draining
   (You took it off Jeremiah on level 7 of the Dungeon)
 m - a +0 dire flail
   (You took it off a two-headed ogre on level 9 of the Dungeon)
 A - a +2 heavy trident
   (You took it off an orc priest on level 2 of the Orcish Mines)
 G - a +0 orcbow
   (You took it off a centaur on level 7 of the Dungeon)
 H - a +0 war axe
   (You found it on level 5 of the Dungeon)
Missiles
 c - 18 poisoned darts (quivered)
 j - 7 boomerangs
 K - 5 curare-tipped darts
 Q - 151 stones
Armour
 s - a +0 pair of boots (worn)
   (You found it on level 5 of the Dungeon)
 v - a +0 plate armour (worn)
   (You found it on level 5 of the Dungeon)
 I - a +0 cloak of stealth (worn)
   (You took it off Crazy Yiuf on level 7 of the Dungeon)
 J - a +2 pair of gloves (worn)
   (You found it on level 8 of the Dungeon)
Jewellery
 w - an amulet of reflection (around neck)
   (You found it on level 4 of the Dungeon)
 E - a ring of the Octopus King (left hand) {rCorr HP+2 AC+2 EV+2 SH+2}
   (You took it off an orc on level 10 of the Dungeon)

   [ring of resist corrosion]

   AC+2:      It affects your AC (+2).
   EV+2:      It affects your evasion (+2).
   HP+2:      It affects your health (+2).
   rCorr:     It protects you from acid and corrosion.
   SH+2:      It affects your SH (+2).
 F - the ring of Qaimor (right hand) {rF+ Slay+4}
   (You bought it in a shop on level 9 of the Dungeon)

   [ring of slaying]

   Slay+4:    It affects your accuracy & damage with ranged weapons and melee
   (+4).
   rF+:       It protects you from fire.
Wands
 d - a wand of iceblast (5)
   (You took it off an orc wizard on level 5 of the Dungeon)
 f - a wand of flame (8)
   (You found it on level 8 of the Dungeon)
 B - a wand of polymorph (6)
   (You found it on level 6 of the Dungeon)
 C - a wand of quicksilver (8)
   (You found it on level 6 of the Dungeon)
 D - a wand of digging (8)
   (You found it on level 6 of the Dungeon)
Scrolls
 e - 11 scrolls of vulnerability {!r}
 h - 4 scrolls of blinking
 p - a scroll of poison {!r}
 q - a scroll of fear
 t - 2 scrolls of teleportation {@r4}
 y - a scroll of immolation {!r}
Potions
 k - 3 potions of heal wounds {@q2}
 n - a potion of resistance {unknown}
 o - a potion of lignification {unknown}
 r - a potion of might
 u - 6 potions of curing {@q1}
 x - 4 potions of enlightenment
 z - a potion of attraction {!q}


   Skills:
 + Level 12.0 Fighting
 * Level 16.4 Axes
 * Level 14.0 Ranged Weapons
 - Level 2.4 Armour
 - Level 2.1 Dodging


You had 11 spell levels left.
You didn't know any spells.
Your spell library was empty.

Dungeon Overview and Level Annotations

Branches:
Dungeon (11/15) Zot: 26896  Temple (0/1) D:4            Lair (1/5) D:8 Zot: 5558
    Orc (2/2) D:10 Zot: 7459     Elf (0/3) Orc:2       Ossuary (visited)
  IceCv (1/1) Zot: 4402

Altars:
Ashenzari
Dithmenos
Fedhas
Hepliaklqana
Nemelex Xobeh
Okawaru
Qazlal
Ru
Sif Muna
Trog
Wu Jian
Xom
Yredelemnul
Zin

Shops:
D:6 !   D:9 ==   D:10 [   Orc:2 ??[((


Innate Abilities, Weirdness & Mutations

You have a pair of horns on your head.
You reflexively headbutt those who attack you in melee.


Message History

An ice devil comes into view.
You shoot a bolt. The bolt hits the ice devil.
A death yak simulacrum comes into view.
a - a +1 battleaxe (weapon)
Your skin crawls.
You feel strong-willed. The ice devil hits you. The ice devil freezes you!
The spriggan simulacrum hits you. The spriggan simulacrum freezes you!
You slice the ice devil!! You slash the spriggan simulacrum!
The ice devil hits you but does no damage.
The spriggan simulacrum hits you but does no damage.
You hit the ice devil but do no damage.
You closely miss the spriggan simulacrum.
The ice devil hits you but does no damage.
You hit the ice devil but do no damage.
You completely miss the spriggan simulacrum.
You block the spriggan simulacrum's attack.
A dire elephant simulacrum comes into view.
The ice devil barely misses you. You furiously retaliate!
You headbutt the ice devil. You slice the ice devil!!
You kill the ice devil!
Trog accepts your kill.
You slice the spriggan simulacrum!! Trog accepts your kill.
A polar bear simulacrum comes into view.
Found a short sword of freezing.
The death yak simulacrum gores you but does no damage.
You slice the death yak simulacrum!! The death yak simulacrum gores you.
The death yak simulacrum freezes you!!!
* * * LOW HITPOINT WARNING * * *
You slash the death yak simulacrum!
The death yak simulacrum gores you but does no damage.
You hit the death yak simulacrum. Trog accepts your kill.
You slash the dire elephant simulacrum!
You headbutt the dire elephant simulacrum, but do no damage.
You block the dire elephant simulacrum's attack.
The dire elephant simulacrum trunk-slaps you but does no damage.
You hit the dire elephant simulacrum but do no damage.
You headbutt the dire elephant simulacrum!
You slash the dire elephant simulacrum!
You feel the effects of Trog's Hand fading.
The dire elephant simulacrum tramples you!
* * * LOW HITPOINT WARNING * * *
You hold your ground!
The dire elephant simulacrum trunk-slaps you.
* * * LOW HITPOINT WARNING * * *
The dire elephant simulacrum freezes you!!!
You die...

).# ..##
...# ...
.Z ##.#
#°.## .
#@Z.##..#
#.......#
#..#...##
#..# .##
##..# #
#..##
##...#
#...##
##..##


You could see a dire elephant simulacrum and a polar bear simulacrum.

Vanquished Creatures
  A two-headed ogre (D:9)
  6 orc high priests
  2 orc sorcerers
  2 ice statues (IceCv)
  A gargoyle (D:10)
  2 unseen horror zombies (D:10)
  A komodo dragon (Lair:1)
  2 rime drakes (D:11)
  An ice devil (IceCv)
  Jeremiah (D:7)
  4 trolls
  Prince Ribbit (D:7)
  A shadow (D:9)
  A vampire (D:10)
  A dire elephant simulacrum (IceCv)
  10 yaks
  5 vampire mosquitoes
  A warg (Orc:1)
  2 steam dragons (D:8)
  A death yak simulacrum (IceCv)
  A water moccasin (D:8)
  Duvessa (D:7)
  A sky beast (D:8)
  An ice beast (D:7)
  17 orc warriors
  4 ogres
  5 black bears
  4 centaurs
  2 phantoms
  2 kobold brigands
  A gnoll sergeant (D:9)
  7 bullfrogs
  4 scorpions
  8 wights
  Dowan (D:7)
  10 killer bees (D:9)
  2 electric eels (D:7)
  8 howler monkeys
  7 centaur zombies (D:10)
  Crazy Yiuf (D:7)
  31 orc priests
  4 hounds
  3 jellies
  A gnoll bouda (D:10)
  A sleepcap (D:7)
  An iguana (D:4)
  33 orc wizards
  A troll simulacrum (IceCv)
  3 spriggan simulacra (IceCv)
  8 mummies (Ossuary)
  2 howler monkey zombies (D:10)
  11 adders
  6 gnolls
  2 naga simulacra (IceCv)
  2 white imps
  5 ufetubi
  5 dart slugs
  59 orcs
  6 ball pythons
  18 bats
  6 endoplasms
  3 giant cockroaches (D:1)
  2 gnoll zombies (Ossuary)
  10 goblins
  8 hobgoblins
  17 kobolds
  6 quokkas
  3 frilled lizards (D:2)
  4 hobgoblin zombies (Ossuary)
  A kobold zombie (Ossuary)
  An orc zombie (Ossuary)
  4 rats
400 creatures vanquished.

Vanquished Creatures (others)
  A worm (D:3)
  A giant cockroach (D:3)
  A frilled lizard (D:3)
  2 rats (D:3)
5 creatures vanquished.

Grand Total: 405 creatures vanquished

Notes
Turn   | Place    | Note
-------+----------+-------------------------------------------
     0 | D:1      | Pooter the Minotaur Berserker began the quest for the Orb.
     0 | D:1      | Reached XP level 1. HP: 19/19 MP: 0/0
   198 | D:1      | Reached skill level 4 in Axes
   228 | D:1      | Reached XP level 2. HP: 24/27 MP: 1/1
   407 | D:1      | Reached XP level 3. HP: 33/33 MP: 2/2
   555 | D:2      | Reached skill level 5 in Axes
   718 | D:2      | Reached XP level 4. HP: 41/41 MP: 3/3
   722 | D:2      | Reached ** piety under Trog
  1188 | D:3      | Found a faded altar of an unknown god.
  1333 | D:3      | Reached skill level 5 in Fighting
  1333 | D:3      | Reached skill level 6 in Axes
  1333 | D:3      | Reached XP level 5. HP: 48/48 MP: 4/4
  1577 | D:3      | Found a sparkling altar of Nemelex Xobeh.
  1604 | D:3      | Found a shimmering altar of Xom.
  1624 | D:3      | Reached skill level 1 in Ranged Weapons
  2796 | D:4      | Found a sand-covered staircase.
  2806 | Ossuary  | Entered an ossuary
  2837 | Ossuary  | Reached XP level 6. HP: 56/56 MP: 5/5
  3146 | D:4      | Reached skill level 7 in Axes
  3410 | D:4      | Found an ornate altar of the Wu Jian Council.
  3586 | D:4      | Found a staircase to the Ecumenical Temple.
  3746 | D:5      | Entered Level 5 of the Dungeon
  3769 | D:5      | Reached *** piety under Trog
  3770 | D:5      | Reached XP level 7. HP: 59/62 MP: 6/6
  4085 | D:5      | Reached skill level 8 in Axes
  4584 | D:5      | Reached skill level 5 in Ranged Weapons
  4690 | D:5      | Found a broken altar of Ashenzari.
  4694 | D:5      | Saw a vision of the Swamp and the Snake Pit.
  4694 | D:5      | Noticed a spriggan druid
  4694 | D:5      | Noticed an anaconda
  4694 | D:5      | Noticed an eleionoma
  4694 | D:5      | Noticed an alligator
  4694 | D:5      | Noticed a black mamba
  4694 | D:5      | Noticed a shock serpent
  4694 | D:5      | Noticed a shock serpent
  4694 | D:5      | Noticed a bunyip
  4694 | D:5      | Noticed a bog body
  4695 | D:5      | Noticed a black mamba
  4695 | D:5      | Noticed an anaconda
  4698 | D:5      | Noticed a naga mage
  4753 | D:5      | Reached XP level 8. HP: 71/71 MP: 7/7
  4956 | D:6      | Reached skill level 9 in Axes
  5035 | D:6      | Found Orruh's Distillery.
  5055 | D:6      | Bought a potion of degeneration for 10 gold pieces
  5055 | D:6      | Bought a potion of curing for 30 gold pieces
  5055 | D:6      | Bought a potion of attraction for 30 gold pieces
  5055 | D:6      | Bought a potion of invisibility for 80 gold pieces
  5055 | D:6      | Bought a potion of heal wounds for 50 gold pieces
  5092 | D:6      | Found a shadowy altar of Dithmenos.
  5636 | D:7      | Reached skill level 10 in Axes
  5743 | D:7      | Noticed Prince Ribbit
  5882 | D:7      | Reached XP level 9. HP: 77/79 MP: 8/8
  6031 | D:7      | Found an iron altar of Okawaru.
  6116 | D:7      | Noticed Duvessa
  6124 | D:7      | Noticed Dowan
  6295 | D:7      | Found a runed translucent door.
  6296 | D:7      | Noticed Crazy Yiuf
  6303 | D:7      | Killed Crazy Yiuf
  6432 | D:7      | Noticed Jeremiah
  6439 | D:7      | Killed Jeremiah
  6682 | D:7      | Killed Prince Ribbit
  6683 | D:7      | Reached skill level 11 in Axes
  6759 | D:7      | Killed Dowan
  6768 | D:7      | Killed Duvessa
  7079 | D:7      | Found a sacrificial altar of Ru.
  7479 | D:7      | Found a shimmering blue altar of Sif Muna.
  7646 | D:8      | Found a stormy altar of Qazlal.
  7652 | D:8      | Noticed a gargoyle
  8144 | D:8      | Reached XP level 10. HP: 14/90 MP: 9/9
  8501 | D:8      | Reached skill level 12 in Axes
  8676 | D:8      | Found a blossoming altar of Fedhas.
  9171 | D:8      | Found a staircase to the Lair.
  9240 | D:9      | Found a bloodstained altar of Trog.
  9305 | D:9      | Found Gipytoad's Jewellery Shoppe.
  9318 | D:9      | Noticed a two-headed ogre
  9324 | D:9      | Reached skill level 10 in Ranged Weapons
  9329 | D:9      | Killed a two-headed ogre
  9498 | D:9      | Reached skill level 13 in Axes
  9507 | D:9      | Found a hazy altar of Hepliaklqana.
  9551 | D:9      | Found Otadymos's Jewellery Emporium.
  9919 | D:10     | Entered Level 10 of the Dungeon
 10391 | D:10     | Killed a gargoyle
 10442 | D:9      | Reached skill level 10 in Fighting
 10708 | D:9      | Reached XP level 11. HP: 99/99 MP: 10/10
 10917 | D:10     | Found a staircase to the Orcish Mines.
 10954 | D:10     | Found Giul Vou's Armour Boutique.
 10976 | D:10     | Found the ring of the Octopus King {rCorr HP+2 AC+2 EV+2
                  | SH+2}
 11181 | D:10     | Found a glowing silver altar of Zin.
 11314 | D:10     | Reached skill level 14 in Axes
 11414 | D:10     | Found a basalt altar of Yredelemnul.
 11632 | Lair:1   | Entered Level 1 of the Lair of Beasts
 11645 | Lair:1   | Reached **** piety under Trog
 12104 | Orc:1    | Entered Level 1 of the Orcish Mines
 12104 | Orc:1    | Noticed an orc high priest
 12320 | Orc:1    | Killed an orc high priest
 12321 | Orc:1    | Reached skill level 15 in Axes
 12557 | Orc:2    | Entered Level 2 of the Orcish Mines
 13564 | Orc:1    | Noticed an orc high priest
 13566 | Orc:1    | Noticed an orc sorcerer
 13573 | Orc:1    | Killed an orc sorcerer
 13576 | Orc:1    | Killed an orc high priest
 14049 | Orc:2    | Found a staircase to the Elven Halls.
 14088 | Orc:2    | Reached XP level 12. HP: 92/110 MP: 11/11
 14248 | Orc:2    | Noticed an orc high priest
 14257 | Orc:2    | Killed an orc high priest
 15368 | D:9      | Bought the ring of Qaimor {rF+ Slay+4} for 1472 gold pieces
 15503 | Orc:2    | Found Enad's Weapon Emporium.
 15618 | Orc:2    | Noticed an orc high priest
 15626 | Orc:2    | Found Casheinn's Weapon Boutique.
 15626 | Orc:2    | Found Voamiamu's Magic Scroll Shop.
 15626 | Orc:2    | Found Bije's Magic Scroll Shop.
 15626 | Orc:2    | Noticed an orc high priest
 15945 | Orc:2    | Killed an orc high priest
 16430 | Orc:2    | Killed an orc high priest
 16556 | Orc:2    | Noticed an orc high priest
 16565 | Orc:2    | Killed an orc high priest
 16641 | Orc:2    | Paralysed by an orc sorcerer for 3 turns
 16647 | Orc:2    | Reached skill level 16 in Axes
 16683 | Orc:2    | Found Ovidemm's Armour Boutique.
 16689 | Orc:2    | Bought a scroll of identify for 30 gold pieces
 16923 | D:11     | Found a frozen archway.
 16982 | IceCv    | Entered an ice cave
 18550 | IceCv    | Slain by a dire elephant simulacrum

Illustrated notes

Levels and vault maps discovered:
D:1:      nicolae_arrival_somewhat_less_tricky_arrival, layout_rooms,
          minmay_misc_feat_rows
D:2:      layout_rooms
D:3:      layout_rooms, xom_confusion_cloud, nemelex_spade_bored_becter,
          shapermc_ecumenical_altar_ellora, roderic_batcave
D:4:      layout_basic, nzn_wu_jian_contemplation,
          minmay_temple_entry_gardened_gates,
          lightli_ossuary_entry_decrepit_ruins
D:5:      minmay_spotlight, layout_rooms, grunt_ashenzari_visionary
          [grunt_ashenzari_visionary_swamp, grunt_ashenzari_visionary_snake],
          minmay_crystal_room, st_stairs_8
D:6:      layout_rooms, grunt_dithmenos_smoke_and_mirrors, serial_shops,
          nicolae_shop_crystal
D:7:      layout_loops_cross, kennysheep_little_box, nicolae_overflow_squiral,
          uniq_duvessa, uniq_prince_ribbit1, uniq_jeremiah,
          uniq_crazy_yiuf_cottage
D:8:      layout_gridville, grunt_qazlal_sundering,
          mainiacjoe_overflow_alcove_1, due_lair_maze_entry_diamond, hex_tiny
D:9:      layout_roguey, kennysheep_mini, trog_hazing_becter, serial_shops,
          nicolae_shop_behind_doors, shop
D:10:     layout_roguey, amcnicky_altar_gilded,
          nicolae_yredelemnul_corpse_copse, orc_david_3, serial_curves,
          eino_curves_04, eino_curves_04
D:11:     layout_irregular_city, portal_ice_cave_rime
Lair:1:   layout_regular_city, hellmonk_ghost_happy_afterlife,
          grunt_megastairs_5
Orc:1:    layout_caves, lemuel_statue_altar
Orc:2:    st_orc_mages, layout_diamond_mine, serial_shops, shop
IceCv:    ice_cave_small_demon

Skill      XL: |  1  2  3  4  5  6  7  8  9 10 11 12 |
---------------+-------------------------------------+-----
Axes           | 4 5 6 7 8 10 11 13 15 16 | 16.4
Fighting       | 4 5 6 7 8 10 11 12 | 12.0
Ranged Weapons | 1 3 5 7 9 11 13 14 | 14.0
Armour         | |  2.4
Dodging        | |  2.1

Action                     |  1- 3 |  4- 6 |  7- 9 | 10-12 || total
---------------------------+-------+-------+-------+-------++-------
  Melee: Hand axe          |    67 |    43 |    21 |       ||   131
         Headbutt          |     7 |    26 |    31 |    73 ||   137
         Trident           |       |   160 |    25 |       ||   185
         Punch             |       |     1 |     3 |       ||     4
         War axe           |       |       |   132 |       ||   132
         Battleaxe         |       |       |    33 |   362 ||   395
   Fire: Sling             |       |    10 |    31 |       ||    41
         Orcbow            |       |       |    18 |       ||    18
         Arbalest          |       |       |    13 |   182 ||   195
  Throw: Dart              |       |       |    21 |       ||    21
         Stone             |       |       |       |     5 ||     5
 Invoke: Berserk           |     1 |     3 |    13 |    15 ||    32
         Trog's Hand       |       |     4 |    10 |    26 ||    40
  Evoke: Wand              |       |       |     5 |    10 ||    15
    Use: Scroll            |     1 |     7 |     4 |     7 ||    19
         Potion            |       |       |     2 |     2 ||     4
   Stab: Invisible         |       |       |       |     2 ||     2
 Armour: Animal skin       |    39 |     5 |       |       ||    44
         Scale mail        |       |    94 |    48 |       ||   142
         Plate armour      |       |       |   171 |   410 ||   581
  Dodge: Dodged            |    36 |    88 |    92 |   160 ||   376
  Block: Other             |       |     7 |    49 |   126 ||   182
         Reflection        |       |       |     3 |     7 ||    10

Table legend: (Time is in decaauts)
 A = Elapsed time spent in this place.
 B = Non-inter-level travel time spent in this place.
 C = Inter-level travel time spent in this place.
 D = Time resting spent in this place.
 E = Time spent auto-exploring this place.
 F = Levels seen in this place.
 G = Mean time per level.
                   A        B        C        D        E       F      G
               +--------+--------+--------+--------+--------+-----+--------+
         Total |  19002 |  18429 |    573 |   9404 |   5552 |  16 | 1187.6 |
       Dungeon |  12067 |  11571 |    496 |   4523 |   4760 |  11 | 1097.0 |
          Lair |    441 |    440 |      1 |    408 |      1 |   1 |  441.0 |
  Orcish Mines |   4541 |   4467 |     74 |   2883 |    657 |   2 | 2270.5 |
       Ossuary |    356 |    356 |      0 |    102 |    125 |   1 |  356.0 |
      Ice Cave |   1596 |   1596 |      0 |   1486 |      9 |   1 | 1596.0 |
               +--------+--------+--------+--------+--------+-----+--------+

Top non-repeatable levels by time:
   Orc:2: 3993 daAuts
     D:7: 1938 daAuts
    D:10: 1787 daAuts
     D:8: 1678 daAuts
   IceCv: 1596 daAuts
     D:3: 1573 daAuts
     D:9: 1073 daAuts
     D:4: 1046 daAuts
     D:5: 952 daAuts
     D:6: 865 daAuts
     D:1: 557 daAuts
   Orc:1: 547 daAuts
     D:2: 490 daAuts
  Lair:1: 441 daAuts
 Ossuary: 356 daAuts
